 Dungeon Crawl Stone Soup version 0.20-a0-299-gec7c366 (webtiles) character file.

32967 ololoev the Grappler (level 13, -1/116 HPs)
             Began as a Minotaur Transmuter on Dec 15, 2016.
             Was a High Priest of Ashenzari.
             Slain by a reaper
             ... wielding a +1 scythe of freezing
              (7 damage)
             ... in an ice cave.
             The game lasted 01:06:00 (19877 turns).

ololoev the Grappler (Minotaur Transmuter)         Turns: 19877, Time: 01:06:01

Health: -1/116     AC: 20    Str: 30    XL:     13   Next: 34%
Magic:  15/20      EV: 20    Int: 15    God:    Ashenzari [*****.]
Gold:   384        SH:  2    Dex: 14    Spells: 6/23 levels left

rFire  . . .     SeeInvis +       - Unarmed
rCold  + . .     Gourm    .     D - +0 chain mail "Saurabut" {rPois rCorr Str+7 Dex-4} (curse)
rNeg   . . .     Faith    .     (shield currently unavailable)
rPois  +         Spirit   .     (helmet restricted)
rElec  .         Reflect  +     q - +0 cloak (curse)
rCorr  +         Harm     .     (gloves currently unavailable)
MR     .....     Clarity  +     k - +0 pair of boots (curse)
Stlth  ..........               o - +2 amulet of reflection (curse)
                                B - +4 ring of protection (curse)
                                v - ring of protection from cold

@: mighty, brilliant, agile, blade hands, hasted, very quick
A: retaliatory headbutt, horns 2
a: End Transformation, Curse Item, Scrying, Transfer Knowledge, Renounce
Religion


Innate Abilities, Weirdness & Mutations

You reflexively headbutt those who attack you in melee.
You have a pair of horns on your head.

Inventory:

Hand Weapons
 b - a +0 blowgun
 s - the cursed +2 long sword of Armageddon {freeze, rC+ Int+5 Stlth+}
   (You found it on level 3 of the Lair of Beasts)

   It has been specially enchanted to freeze those struck by it, causing extra
   injury to most foes and up to half again as much damage against particularly
   susceptible opponents.
   It can also slow down cold-blooded creatures.
   It affects your intelligence (+5).
   It protects you from cold.
   It makes you more stealthy.
   It has a curse placed upon it.
Missiles
 a - 166 arrows
 r - 12 curare-tipped needles
 S - a throwing net (quivered)
Armour
 k - a cursed +0 pair of boots (worn)
 q - a cursed +0 cloak (worn)
 D - the cursed +0 chain mail "Saurabut" (worn) {rPois rCorr Str+7 Dex-4}
   (You found it on level 5 of the Dungeon)

   It affects your strength (+7).
   It affects your dexterity (-4).
   It protects you from poison.
   It protects you from acid and corrosion.
   It has a curse placed upon it.
 T - a cursed +0 pair of gloves (melded)
Jewellery
 n - the ring of Necojemm {rElec rN+ Int+2}
   (You found it on level 2 of the Lair of Beasts)

   [ring of positive energy]

   It affects your intelligence (+2).
   It insulates you from electricity.
   It protects you from negative energy.
 o - a cursed +2 amulet of reflection (around neck)
 v - a ring of protection from cold (left scythe-like blade)
 B - a cursed +4 ring of protection (right scythe-like blade)
Wands
 u - a wand of iceblast (6/15)
 y - a wand of iceblast (13/15)
 C - a wand of paralysis (6/24)
 P - a wand of lightning (7/15)
 Q - a wand of flame (34/48)
Scrolls
 g - 3 scrolls of fog
 h - 6 scrolls of teleportation
 i - 5 scrolls of blinking
 j - 4 scrolls of magic mapping
 l - 6 scrolls of amnesia
 x - a scroll of summoning
 z - 3 scrolls of recharging
 A - 2 scrolls of holy word
 F - 2 scrolls of silence
 G - a scroll of enchant armour
 K - 7 scrolls of remove curse
 M - a scroll of fear
Potions
 d - 4 potions of magic
 e - 5 potions of flight
 t - 4 potions of curing
 w - 3 potions of agility
 E - a potion of invisibility
 L - 3 potions of cancellation
Miscellaneous
 N - a phantom mirror
Comestibles
 f - 3 beef jerkies
 m - 9 meat rations
 p - 8 bread rations
 H - 15 fruits


   Skills:
 + Level 11.0 Fighting
 + Level 10.7(14.4) Armour
 + Level 9.8 Dodging
 * Level 13.5 Unarmed Combat
 + Level 5.9 Spellcasting
 + Level 7.5(10.2) Transmutations


You had 6 spell levels left.
You knew the following spells:

 Your Spells              Type           Power        Failure   Level  Hunger
a - Blade Hands           Tmut           #####.....   10%         5    ######.
b - Sticks to Snakes      Tmut           #####...     2%          2    #......
c - Ice Form              Ice/Tmut       ####....     24%         4    ####...
d - Lesser Beckoning      Tloc           ##........   52%         3    ###....
e - Repel Missiles        Chrm/Air       ##....       30%         2    #......
p - Apportation           Tloc           ##........   19%         1    None
 You were in an ice cave. You worshipped Ashenzari. Ashenzari was extremely pleased with you. You were very hungry. You had blades for hands. You visited 3 branches of the dungeon, and saw 19 of its levels. You also visited: Ice Cave. You collected 963 gold pieces. You spent 579 gold pieces at shops. ≈ ##...## ##..## ≈##.§§.§#≈≈#...## *** *≈≈#§§≈§§§## ##...# * * #...§§§§# ≈#..## * ,, * #...##§§## #...#### * ##..#.§§§#≈##..#..## * *#, #.##.#§§# #..#...## ,#.#..#§#§§##.##≈#.......# , #....§§§§..#@.#≈#...##..## .......§§§§§2..# #..###...# * .#..####§§§#...#≈##.#.##..# #. §§§§§#...#≈##....#..# ,# ,, .§...#...###....##..# *,,.#..###....##....#..## , ..#§##......##)..##..# ,, *#.            #.#.....#..##).#..## ***         *    *#.§§....###..####..#

Notes
Turn   | Place    | Note
-------+----------+-------------------------------------------
     0 | D:1      | ololoev the Minotaur Transmuter began the quest for the Orb.
     0 | D:1      | Reached XP level 1. HP: 16/16 MP: 1/1
   486 | D:1      | Reached XP level 2. HP: 23/23 MP: 0/3
   520 | D:1      | Learned a level 2 spell: Sticks to Snakes
   630 | D:1      | Reached skill level 1 in Armour
  1336 | D:2      | Noticed Natasha
  1347 | D:2      | Noticed a crimson imp
  1402 | D:2      | Reached XP level 3. HP: 23/29 MP: 4/4
  1675 | D:2      | Reached skill level 4 in Unarmed Combat
  2002 | D:2      | Killed Natasha
  2002 | D:2      | Reached XP level 4. HP: 22/36 MP: 0/5
  2581 | D:2      | Noticed Natasha
  2602 | D:2      | Killed Natasha
  2850 | D:3      | Reached XP level 5. HP: 41/42 MP: 6/6
  2987 | D:3      | Reached skill level 5 in Unarmed Combat
  3064 | D:3      | Found a snail-covered altar of Cheibriados.
  3618 | D:3      | Found a basalt altar of Yredelemnul.
  3906 | D:4      | Reached XP level 6. HP: 51/51 MP: 7/7
  3914 | D:4      | Noticed Dowan
  3915 | D:4      | Noticed Duvessa
  3933 | D:4      | Killed Duvessa
  3950 | D:4      | Killed Dowan
  4253 | D:4      | Goblin1989: Я как-то очень страннно последнее в игры на cxc захожу. Обязательно только со второго раза. Первый раз ьокно загрузки может и 20 проторчать без толку, со второго раза сразу окно и игры появляется.
  4253 | D:4      | Goblin1989: у тебя такого нет?
  4253 | D:4      | ololoev: нет
  4270 | D:4      | Noticed Sigmund
  4297 | D:4      | Killed Sigmund
  4297 | D:4      | Reached skill level 6 in Unarmed Combat
  4297 | D:4      | Reached XP level 7. HP: 34/58 MP: 0/8
  4734 | D:4      | ololoev: питоны вроде фигня
  4734 | D:4      | ololoev: но на деле констриктом режут ЕВ врагам
  5380 | D:5      | Entered Level 5 of the Dungeon
  5424 | D:5      | Found Mihuump's Assorted Antiques.
  5434 | D:5      | Bought a sharpened brass wand for 68 gold pieces
  5448 | D:5      | Goblin1989: ага, а еще мышек летучих на одном месте оставляют если ловят
  5461 | D:5      | Got a citrine-studded chain mail
  5462 | D:5      | ololoev: ну мышки это в целом что-то неопасное
  5472 | D:5      | Identified the cursed +0 chain mail "Saurabut" {rPois rCorr Str+7 Dex-4} (You found it on level 5 of the Dungeon)
  5472 | D:5      | Goblin1989: крутой чейн
  5630 | D:5      | Goblin1989: а меня сегодня два хелл сентиеля чунь не нагнули с дисе 7-м
  5630 | D:5      | Goblin1989: на 4 за три хода оставили
  5630 | D:5      | Goblin1989: со 160 где-то
  5630 | D:5      | Goblin1989: и у меня дым появился, я на две клетки блинкнуться только мог
  5630 | D:5      | Goblin1989: и спрятаться в него не было смысла - они меня через ход опять бы увидели
  5630 | D:5      | Goblin1989: чудом дождался пока телепорт сработает
  5692 | D:5      | Learned a level 3 spell: Ozocubu's Armour
  6347 | D:6      | Reached XP level 8. HP: 67/67 MP: 9/9
  6370 | D:6      | Reached skill level 7 in Unarmed Combat
  6895 | D:7      | Reached skill level 5 in Fighting
  6913 | D:7      | Reached skill level 5 in Armour
  6913 | D:7      | Reached skill level 5 in Dodging
  7083 | D:7      | Noticed a hippogriff
  7303 | D:7      | Killed a hippogriff
  7303 | D:7      | Reached skill level 8 in Unarmed Combat
  7355 | D:7      | Reached XP level 9. HP: 74/74 MP: 11/11
  7411 | D:7      | Goblin1989: ура!
  7421 | D:7      | ololoev: ?
  7433 | D:7      | Goblin1989: одна руна осталась всего
  7439 | D:7      | Goblin1989: томб
  7460 | D:7      | Goblin1989: изи
  7460 | D:7      | Noticed an oklob plant
  7501 | D:7      | Goblin1989: зря я думал что дис бесполезен
  7511 | D:7      | Found a staircase to the Ecumenical Temple.
  7522 | D:7      | ololoev: вообще томб довольно изи
  7522 | D:7      | ololoev: он вроде как сложный из-за кучи тормента
  7522 | D:7      | ololoev: но там стеирденс решает
  7530 | Temple   | Entered the Ecumenical Temple
  7668 | Temple   | Goblin1989: стеирденс - это хождение по лесницам?
  7765 | Temple   | ololoev: да
  7765 | Temple   | ololoev: так
  7765 | Temple   | ololoev: кого бы вять минотавру трансмутилатору
  7765 | Temple   | Goblin1989: chei
  7765 | Temple   | ololoev: гозаг или эш
  7765 | Temple   | Goblin1989: jka
  7765 | Temple   | Goblin1989: oka
  7765 | Temple   | ololoev: чеи нафиг, не охота
  7765 | Temple   | ololoev: оку тоже
  7765 | Temple   | Goblin1989: бери окавару
  7765 | Temple   | Goblin1989: [v
  7765 | Temple   | Goblin1989: хм
  7765 | Temple   | ololoev: ока слишком попсовый для попсового минотавра
  7765 | Temple   | ololoev: с одной стороны гозаг хорошо
  7765 | Temple   | Goblin1989: ГОЛОД
  7765 | Temple   | ololoev: но я хочу потабать руками-крюками
  7765 | Temple   | ololoev: да жрачки полно
  7765 | Temple   | Goblin1989: эш
  7765 | Temple   | ololoev: трансмутатор не кастует столько чтобы проголодаться
  7765 | Temple   | Goblin1989: !
  7765 | Temple   | ololoev: но эш как-то веселее думаю
  7798 | Temple   | Became a worshipper of Ashenzari the Shackled
  8136 | D:8      | Found Ureesug's Weapon Shop.
  8203 | D:8      | Noticed Joseph
  8213 | D:8      | Killed Joseph
  8343 | D:8      | Found Fyoskeek's Magic Scroll Boutique.
  8348 | D:8      | Bought a scroll of identify for 28 gold pieces
  8348 | D:8      | Bought a scroll of identify for 28 gold pieces
  8348 | D:8      | Bought a scroll of identify for 28 gold pieces
  8348 | D:8      | Bought a scroll of remove curse for 42 gold pieces
  8348 | D:8      | Bought a scroll of identify for 28 gold pieces
  8348 | D:8      | Bought a scroll of random uselessness for 14 gold pieces
  8351 | D:8      | Identified a scroll of acquirement
  8355 | D:8      | ololoev: окурок
  8385 | D:8      | Noticed a two-headed ogre
  8402 | D:8      | Killed a two-headed ogre
  8402 | D:8      | Reached skill level 9 in Unarmed Combat
  8621 | D:8      | Found a hide-covered altar of Uskayaw.
  8621 | D:8      | Found a sparkling altar of Nemelex Xobeh.
  8626 | D:8      | Found a burning altar of Makhleb.
  8636 | D:8      | Found a sacrificial altar of Ru.
  8645 | D:8      | Found a glowing silver altar of Zin.
  8722 | D:8      | Found Xeqewk's Book Shop.
  8746 | D:8      | Found Acemned's General Store.
  8761 | D:8      | Bought a scroll of holy word for 82 gold pieces
  8761 | D:8      | Bought a scroll of remove curse for 33 gold pieces
  9010 | D:8      | Found Ysoe's Jewellery Boutique.
  9110 | D:8      | Learned a level 5 spell: Blade Hands
  9115 | D:8      | Learned a level 4 spell: Ice Form
  9157 | D:9      | Reached * piety under Ashenzari
  9246 | D:9      | Noticed a queen bee
  9247 | D:9      | Goblin1989: тебе до бх как до луны пешком еще
  9294 | D:9      | Reached XP level 10. HP: 86/86 MP: 13/13
  9332 | D:9      | Found Xaunil's Distillery.
  9340 | D:9      | Bought a potion of might for 52 gold pieces
  9340 | D:9      | Bought a potion of mutation for 32 gold pieces
  9390 | D:9      | Found a stormy altar of Qazlal.
  9424 | D:9      | Found Oseddyrr's Assorted Antiques.
  9434 | D:9      | Bought a murky purple potion for 25 gold pieces
  9476 | D:9      | Found Jyesobym's Antique Weapon Shoppe.
  9566 | D:9      | Found a staircase to the Orcish Mines.
  9786 | D:10     | Entered Level 10 of the Dungeon
 10384 | D:10     | Goblin1989: хай эльфов убрали, слышал
 10444 | D:10     | ololoev: вчера еще
 10444 | D:10     | Goblin1989: печаль
 10444 | D:10     | ololoev: и хилл гигантов
 10444 | D:10     | ololoev: да пофиг же
 10479 | D:11     | Reached ** piety under Ashenzari
 10502 | D:11     | Goblin1989: вот хилл гигантов зря
 10526 | D:11     | ololoev: почему?
 10550 | D:11     | Goblin1989: ну они хардкора добавляли типа
 10604 | D:11     | Goblin1989: как встретишь такого на д9
 10604 | D:11     | ololoev: вместо них двухбошких огров баффнули
 10604 | D:11     | Goblin1989: или д8
 10604 | D:11     | ololoev: по всем параметрам раза в полтора
 10604 | D:11     | ololoev: хп, дамаг, дефенсы
 10604 | D:11     | ololoev: теперь они по статам близки к хилл гигантам
 10604 | D:11     | Goblin1989: а они когда появляются?
 10604 | D:11     | ololoev: и встретить можно на д5 например
 10604 | D:11     | Goblin1989: они же позже
 10604 | D:11     | ololoev: так что охардкорили
 10604 | D:11     | Goblin1989: охренеть как охардкорили, получается
 10604 | D:11     | ololoev: на д5 конечно шанс мал
 10604 | D:11     | ololoev: но все же
 10611 | D:11     | Goblin1989: ну вот у тебя д 11
 10722 | D:11     | Goblin1989: хоть одного встретил?
 10722 | D:11     | ololoev: да, в районе д6-д8
 11211 | D:11     | Noticed a white ugly thing
 11253 | D:11     | Found a staircase to the Lair.
 11302 | D:11     | Reached skill level 10 in Unarmed Combat
 11428 | D:11     | Found a blossoming altar of Fedhas.
 11455 | D:11     | Killed an unseen horror
 11455 | D:11     | Reached skill level 5 in Transmutations
 11579 | D:11     | Learned a level 1 spell: Apportation
 11583 | D:11     | Learned a level 3 spell: Lesser Beckoning
 11667 | D:11     | Noticed a gargoyle
 11681 | D:11     | Killed a gargoyle
 11829 | D:11     | Noticed a purple ugly thing
 11838 | D:11     | Killed a purple ugly thing
 11989 | D:11     | Found Ruhath's Food Shoppe.
 12063 | D:12     | ololoev: лол да вы офигели!
 12063 | D:12     | ololoev: какой нахер базар на д12
 12194 | D:11     | ololoev: в общем идите в жопу со своим базаром
 12292 | D:5      | Bought a scroll labeled WIREANT MOST for 17 gold pieces
 12292 | D:5      | Bought a scroll of remove curse for 51 gold pieces
 12292 | D:5      | Bought a scroll of remove curse for 51 gold pieces
 12397 | Lair:1   | Entered Level 1 of the Lair of Beasts
 12397 | Lair:1   | Reached *** piety under Ashenzari
 12470 | Lair:1   | Noticed a spiny frog
 12482 | Lair:1   | Killed a spiny frog
 12534 | Lair:1   | Noticed a spiny frog
 12543 | Lair:1   | Killed a spiny frog
 12543 | Lair:1   | Reached XP level 11. HP: 86/94 MP: 11/16
 13021 | Lair:1   | Reached skill level 11 in Unarmed Combat
 13565 | Lair:2   | Noticed an eight-headed hydra
 13751 | Lair:2   | Noticed a six-headed hydra
 13926 | Lair:2   | Identified the ring of Necojemm {rElec rN+ Int+2}
 13978 | Lair:2   | Killed an eight-headed hydra
 14813 | Lair:2   | Reached **** piety under Ashenzari
 14916 | Lair:2   | Killed a six-headed hydra
 14975 | Lair:2   | Noticed a seven-headed hydra
 14984 | Lair:2   | Killed a seven-headed hydra
 14984 | Lair:2   | Reached skill level 12 in Unarmed Combat
 14984 | Lair:2   | Reached XP level 12. HP: 90/104 MP: 18/18
 15052 | Lair:2   | Reached skill level 5 in Spellcasting
 15500 | Lair:2   | Found a staircase to the Snake Pit.
 15980 | Lair:3   | Goblin1989: сколько скила дает эш?
 15980 | Lair:3   | ololoev: вроде зависит от твоего скилла и от пити
 15980 | Lair:3   | ololoev: у меня до +5 получалось
 16101 | Lair:3   | Got the cursed long sword of Armageddon {freeze, rC+ Int+5 Stlth+}
 16582 | Lair:3   | Found a staircase to the Swamp.
 16703 | Lair:3   | Reached skill level 10 in Fighting
 17033 | Lair:3   | Reached skill level 10 in Armour
 17606 | Lair:4   | Reached skill level 13 in Unarmed Combat
 17675 | Lair:4   | Reached XP level 13. HP: 114/114 MP: 20/20
 18212 | Lair:5   | Found a staircase to the Slime Pits.
 18838 | Lair:5   | Reached ***** piety under Ashenzari
 19198 | Lair:6   | Entered Level 6 of the Lair of Beasts
 19258 | Lair:6   | Goblin1989: Vine Barricade
 19259 | Lair:6   | Found a frozen archway.
 19302 | Lair:6   | Goblin1989: крутая надпись
 19311 | Lair:6   | Goblin1989: 27 в щите
 19315 | Lair:6   | Learned a level 2 spell: Repel Missiles
 19367 | IceCv    | Entered an ice cave
 19866 | IceCv    | Noticed a reaper
 19877 | IceCv    | Slain by a reaper

Dungeon Overview and Level Annotations

Branches:
Dungeon (12/15)            Temple (1/1) D:7            Lair (6/6) D:11
  Swamp (0/4) Lair:3        Snake (0/4) Lair:2        Slime (0/5) Lair:5
    Orc (0/2) D:9

Altars:
Ashenzari
Cheibriados
Dithmenos
Elyvilon
Fedhas
Gozag
Hepliaklqana
Kikubaaqudgha
Makhleb
Nemelex Xobeh
Okawaru
Qazlal
Ru
Sif Muna
Trog
Uskayaw
Vehumet
Xom
Yredelemnul
Zin
The Shining One

Shops:
D:5 *   D:8 :*=(?   D:9 (*!   D:11 %

Annotations:
D:3 exclusion: door
D:7 exclusion: oklob plant
D:9 exclusion: 4 doors


Message History

The ice devil is moderately wounded.
The ice devil completely misses you. You furiously retaliate!
You headbutt the ice devil! You punch the ice devil!
You headbutt the ice devil.
The ice devil is almost dead.
The ice devil barely misses you.
You punch the ice devil!
You kill the ice devil!
No target in view!
No target in view!
No target in view!
No target in view!
No target in view!
No target in view!
What are your orders? t - Shout!
Orders for allies: a - Attack new target. r - Retreat! s - Stop attacking. g - Guard the area. f - Follow me.
Anything else - Cancel.
You shout for attention!
An ice devil comes into view.
You completely miss the ice devil. Your punch misses the ice devil.
You block the ice devil's attack.
You punch the ice devil!
The ice devil is moderately wounded.
You punch the ice devil!
You headbutt the ice devil, but do no damage.
The ice devil is heavily wounded.
The ice devil hits you. The ice devil freezes you. You resist.
Your chain mail "Saurabut" prevents you from hitting the ice devil.
The ice devil is heavily wounded.
The ice devil hits you but does no damage.
You punch the ice devil!
The ice devil is severely wounded.
The ice devil hits you but does no damage.
You hit the ice devil but do no damage.
You headbutt the ice devil, but do no damage.
The ice devil is severely wounded.
You punch the ice devil!
You kill the ice devil!
No target in view!
No target in view!
No target in view!
No target in view!
No target in view!
No target in view!
No target in view!
You are engulfed in freezing vapours.
You resist.
You are engulfed in freezing vapours.
You resist.
You are engulfed in freezing vapours.
You resist.
A reaper comes into view.
Ashenzari warns you: It is wielding a scythe of freezing.
Really walk into that cloud of freezing vapour?
You are engulfed in freezing vapours.
You resist.
The reaper moves out of view.
Really walk into that cloud of freezing vapour?
You are engulfed in freezing vapours.
You resist.
You are engulfed in freezing vapours.
You resist.
Okay, then.
Describe a (M)onster, (S)pell, s(K)ill, (A)bility, (C)ard, (I)tem, (F)eature, (G)od, (B)ranch, c(L)oud or s(T)atus?
Describe a monster; partial names and regexps are fine.
Enter a single letter to list monsters displayed by that symbol.
Describe what?
Describe a (M)onster, (S)pell, s(K)ill, (A)bility, (C)ard, (I)tem, (F)eature, (G)od, (B)ranch, c(L)oud or s(T)atus?
Okay, then.
Unknown command.
You feel agile all of a sudden.
You feel very mighty all of a sudden.
You feel clever all of a sudden.
Casting: Blade Hands
Confirm with . or Enter, or press ? or * to list all spells.
Your hands turn into razor-sharp scythe blades.
Your cursed +0 pair of gloves melds into your body.
You are feeling very hungry.
The reaper hits you with a scythe of freezing!!!
The reaper freezes you!
Unknown command.
You feel yourself speed up.
The reaper hits you with a scythe of freezing!!!
The reaper freezes you!
You die...

You could see a reaper.

Vanquished Creatures
  4 hydras
  A two-headed ogre (D:8)
  An unseen horror (D:11)
  An ugly thing (D:11)
  3 oklob plants
  3 elephants (Lair:4)
  13 spiny frogs
  A black mamba (Lair:5)
  A gargoyle (D:11)
  2 ice statues (IceCv)
  7 komodo dragons
  5 ice devils (IceCv)
  2 polar bears (Lair:4)
  13 blink frogs
  12 hippogriffs
  2 wyverns
  30 yaks
  A shadow (D:11)
  4 vampire mosquitoes (Lair:3)
  2 basilisks
  A soldier ant (D:7)
  10 porcupines
  2 hell hounds (D:11)
  9 water moccasins
  2 orc warriors
  8 ice beasts (Lair:6)
  2 ogres
  A phantom (D:11)
  4 wolves (Lair:6)
  A centaur (D:6)
  10 crocodiles
  13 bullfrogs
  4 big kobolds
  Dowan (D:4)
  A wyvern skeleton (D:6)
  5 scorpions
  A water moccasin skeleton (D:9)
  2 howler monkeys (D:7)
  5 crimson imps
  2 bullfrog zombies
  3 orc priests
  11 jellies
  2 hounds
  A centaur skeleton (D:4)
  Natasha (twice) (D:2)
  An iguana (D:4)
  13 orc wizards
  6 worker ants
  2 hound zombies
  3 hound skeletons
  3 gnolls (D:8)
  6 adders
  4 shadow imps
  6 white imps (IceCv)
  8 ufetubi (IceCv)
  23 oozes
  A worm (D:3)
  2 dart slugs
  5 leopard geckos
  35 orcs
  6 giant cockroaches
  10 goblins
  5 hobgoblins
  8 jackals
  4 quokkas
  8 bats
  5 frilled lizards
  A jackal skeleton (D:5)
  A jackal zombie (D:6)
  24 kobolds
  9 rats
  2 plants
412 creatures vanquished.

Vanquished Creatures (collateral kills)
  Joseph (D:8)
  Sigmund (D:4)
  Duvessa (D:4)
  An iguana (D:4)
  An adder (D:2)
  2 orcs (D:3)
7 creatures vanquished.

Vanquished Creatures (others)
  5 white imps (IceCv)
  4 ufetubi (IceCv)
  11 fungi
  4 plants (Lair:3)
24 creatures vanquished.

Grand Total: 443 creatures vanquished

Action                   |  1- 3 |  4- 6 |  7- 9 | 10-12 | 13-15 || total
-------------------------+-------+-------+-------+-------+-------++-------
Melee: Unarmed           |   105 |   135 |   342 |   645 |   214 ||  1441
       Kick              |     2 |       |       |       |       ||     2
       Headbutt          |     8 |    24 |    67 |   155 |    49 ||   303
       Punch             |       |     4 |    11 |    40 |    14 ||    69
 Fire: Blowgun           |       |       |     6 |     3 |     1 ||    10
 Cast: Beastly Appendage |     4 |       |       |       |       ||     4
       Sticks to Snakes  |       |    12 |    12 |    32 |     1 ||    57
       Blade Hands       |       |       |       |       |     3 ||     3
Invok: Curse Item        |       |       |     4 |     1 |       ||     5
Evoke: Wand              |       |       |     3 |    15 |       ||    18
  Use: Potion            |     1 |     1 |     2 |     1 |     5 ||    10
       Scroll            |       |       |    16 |    12 |       ||    28
 Stab: Sleeping          |     2 |       |       |       |       ||     2
       Distracted        |       |     1 |     2 |     2 |       ||     5
       Paralysed         |       |       |       |     3 |       ||     3
  Eat: Chunk             |     3 |     5 |    15 |    23 |     5 ||    51
       Bread ration      |       |     1 |       |       |       ||     1
       Pizza             |       |       |     1 |     2 |       ||     3
       Royal jelly       |       |       |     1 |     1 |       ||     2
       Fruit             |       |       |       |     1 |       ||     1
       Beef jerky        |       |       |       |       |     1 ||     1
Armor: Robe              |     8 |       |       |       |       ||     8
       Leather armour    |    10 |     4 |       |       |       ||    14
       Ring mail         |       |    35 |     8 |       |       ||    43
       Chain mail        |       |       |   123 |   333 |   130 ||   586
Dodge: Dodged            |    51 |    76 |   129 |   321 |   115 ||   692
Block: Other             |       |     4 |    12 |    35 |    15 ||    66

Vault maps used:
D:1:      nicolae_arrival_washed_ashore
D:2:      serial_co_window_serial, co_window_of_opportunity_a,
          co_window_paths_b, co_window_corner_a, co_window_paths_b,
          co_window_paths_b, co_window_2corner, co_window_corner_cb,
          co_window_broadway_c, co_window_of_opportunity_b,
          co_window_of_opportunity_b, co_window_2corner,
          co_window_of_opportunity_c, co_window_paths_e, glass_columns_a,
          glass_columns_b, glass_columns_a, glass_columns_b, glass_columns_a,
          uniq_natasha
D:3:      yredelemnul_forgotten_temple_becter, cheibriados_altar_1, first_bread
D:4:      uniq_duvessa, uniq_sigmund
D:5:      serial_shops, nicolae_shop_crystal
D:7:      lemuel_slime
D:8:      chequers_temple_overflow_minitemple, serial_shops, shop_coins,
          kennysheep_little_box, shop, nicolae_shop_behind_doors, shop,
          uniq_joseph
D:9:      nicolae_qazlal_style_of_elements, orc_0_dummy, serial_shops, shop,
          shop, nicolae_shop_trees
D:11:     minmay_lair_entry_lava, serial_shops, nicolae_shop_trees, basic_altar
D:12:     serial_shops, bzr_in_the_mist, hangedman_stone_soup,
          nrook_loot_triangle
Temple:   oiseaux_autumnal_temple
Lair:2:   dummy_snake_entry, grunt_forest_small_clearings, beast_lair_carwin_6,
          grunt_megastairs_5
Lair:3:   minmay_swamp_entry_swarm, minmay_lair_oklob_items
Lair:4:   beast_lair_carwin_11, minmay_lair_oklob_chamber
Lair:5:   nicolae_slime_entry_slimehenge, serial_bayou_shore_a
Lair:6:   due_jungle_book, portal_ice_cave_entry_ice_beasts, kennysheep_rathole,
          grunt_megastairs_4
IceCv:    ice_cave_small_demon
